 Dungeon Crawl Stone Soup version 0.30.1-3-gfc49f6343a (webtiles) character file.

Game seed: 18362105848206474017

261 Atelerd the Digger (level 6, -3/54 HPs)
             Began as an Octopode Earth Elementalist on July 24, 2023.
             Slain by Prince Ribbit (8 damage)
             ... on level 5 of the Dungeon.
             The game lasted 00:04:32 (3847 turns).

Atelerd the Digger (Octopode Earth Elementalist)    Turns: 3847, Time: 00:04:32

Health: -3/54      AC: 23    Str:  7    XL:     6   Next: 18%
Magic:  1/20       EV:  2    Int: 20    God:
Gold:   52         SH:  0    Dex: 12    Spells: 7/12 levels left

rFire   . . .        l - +2 short sword (elec)
rCold   . . .        (no shield)
rNeg    . . .        (helmet currently unavailable)
rPois   +            (no amulet)
rElec   .            b - ring of willpower
rCorr   .            h - ring of magical power
SInv    .            (no ring)
Will    +....        (no ring)
Stlth   ++           (no ring)
HPRegen 0.29/turn    (no ring)
MPRegen 0.17/turn    (no ring)
                     (no ring)

%: no passive effects
@: tree-form
A: stationary, stasis, torment immunity, boosted hp, almost no armour,
(amphibious), 8 rings, (camouflage 1), (gelatinous body 1), (nimble swimmer 1),
(tentacles), mutation resistance 1
a: no special abilities


You were on level 5 of the Dungeon.
You were a tree.
You visited 1 branch of the dungeon, and saw 5 of its levels.

You collected 132 gold pieces.
You spent 80 gold pieces at shops.

Inventory:

Hand Weapons
 l - a +2 short sword of electrocution (weapon)
Jewellery
 b - a ring of willpower (left branch)
 g - a ring of flight
 h - a ring of magical power (right branch)
Wands
 a - a wand of flame (6)
 o - a wand of mindburst (19)
Scrolls
 c - 3 scrolls of teleportation
 e - 4 scrolls of blinking {unknown}
 f - 2 scrolls of poison {unknown}
 i - 2 scrolls of vulnerability {unknown}
 m - 2 scrolls of identify {unknown}
 p - 2 scrolls of fog {unknown}
 t - a scroll of torment {unknown}
Potions
 d - 3 potions of haste {unknown}
 k - a potion of flight
 q - a potion of resistance {unknown}
 r - a potion of brilliance {unknown}
 s - a potion of cancellation {unknown}


   Skills:
 - Level 2.2 Dodging
 * Level 3.1 Stealth
 + Level 3.5 Spellcasting
 - Level 3.0 Transmutations
 * Level 4.8 Earth Magic


You had 7 spell levels left.
You knew the following spells:

 Your Spells              Type           Power      Damage    Failure   Level
a - Sandblast             Erth           44%        2d11      1%          1
p - Petrify               Tmut/Erth      19%        N/A       26%         4

Your spell library contained the following spells:

 Spells                   Type           Power      Damage    Failure   Level
 Passwall                 Tmut/Erth      15%        N/A       4%          2
 Stone Arrow              Conj/Erth      26%        3d8       16%         3
 Dazzling Flash           Conj/Hex       6%         N/A       38%         3
 Agony                    Necr           3%         N/A       98%         5
 Fireball                 Conj/Fire      1%         3d3       98%         5
 Iskenderun's Battlesphe  Conj           3%         2d6       98%         5
 Silence                  Hex/Air        1%         N/A       98%         5
 Conjure Ball Lightning   Conj/Air       1%         3x3d6     100%        6
 Orb of Destruction       Conj           1%         9d5       100%        7


Dungeon Overview and Level Annotations

Branches:
Dungeon (5/15)
 Temple: D:4-7

Altars:
Dithmenos
Gozag
Kikubaaqudgha
Uskayaw
Xom

Shops:
D:4 !

Annotations:
D:3 exclusion: downstairs
D:5 Prince Ribbit


Innate Abilities, Weirdness & Mutations

You are a tree.
Your roots penetrate the ground, keeping you stationary.
You cannot be teleported.
You are immune to unholy pain and torment.
Your maximum health is greatly increased.
You cannot wear most types of armour.
((You are amphibious.))
You can wear up to eight rings at the same time.
((Your skin changes colour to match your surroundings (Stealth+).))
((Your rubbery body absorbs attacks. (AC +1, EV +1)))
((You are camouflaged when in or above water. (Stealth+)))
((You have tentacles for arms and can constrict up to eight enemies at once.))
You are somewhat resistant to further mutation.


Message History

Confirm with . or Enter, or press ? or * to list all spells.
The spell is extremely dangerous to miscast (26% risk of failure)!
Continue anyway?
Aiming: Petrify (extremely dangerous; 26% risk of failure)
Press: ? - help, Shift-Dir - straight line, f/p - Prince Ribbit
Aim: Prince Ribbit (chance to affect: 34%) Prince Ribbit easily resists.
Prince Ribbit catches a mosquito with his tongue.
Casting: Petrify (extremely dangerous; 26% risk of failure)
Confirm with . or Enter, or press ? or * to list all spells.
The spell is extremely dangerous to miscast (26% risk of failure)!
Continue anyway?
Aiming: Petrify (extremely dangerous; 26% risk of failure)
Press: ? - help, Shift-Dir - straight line, f/p - Prince Ribbit
Aim: Prince Ribbit (chance to affect: 34%) Prince Ribbit easily resists.
Prince Ribbit hits you!
Prince Ribbit catches a millipede with his tongue.
Prince Ribbit hits you!
* * * LOW HITPOINT WARNING * * *
Casting: Petrify (extremely dangerous; 26% risk of failure)
Confirm with . or Enter, or press ? or * to list all spells.
The spell is extremely dangerous to miscast (26% risk of failure)!
Continue anyway?
Aiming: Petrify (extremely dangerous; 26% risk of failure)
Press: ? - help, Shift-Dir - straight line, f/p - Prince Ribbit
Aim: Prince Ribbit (chance to affect: 34%) Prince Ribbit easily resists.
Prince Ribbit sighs, "It's not easy being green!"
Prince Ribbit closely misses you.
Unknown command.
Okay, then.
Okay, then.
Really quaff the potion of lignification?
You turn into a tree.
Your roots penetrate the ground.
Prince Ribbit hits you!
* * * LOW HITPOINT WARNING * * *
Prince Ribbit hits you but does no damage.
Okay, then.
Okay, then.
Aiming: Mindburst
Press: ? - help, Shift-Dir - straight line, f/p - Prince Ribbit
Aim: Prince Ribbit (chance to affect: 47%) Prince Ribbit's mind is blasted!!
Prince Ribbit hits you!
You die...

###########
#.........#
#.........#
#.........#
#.........#
#....♣....#
#....F#####
#.....#
#.....#
#.....#
#......
#......
#......


You could see Prince Ribbit.

Vanquished Creatures
  A black bear (D:4)
  An orc priest (D:4)
  Jessica (D:2)
  2 adders
  A worm (D:3)
  4 dart slugs
  4 orcs
  8 ball pythons
  8 bats
  7 endoplasms
  4 giant cockroaches
  7 goblins
  4 hobgoblins
  7 jackals (D:2)
  4 kobolds
  2 quokkas (D:1)
  4 frilled lizards
  4 rats
73 creatures vanquished.

Notes
Turn   | Place    | Note
-------+----------+-------------------------------------------
     0 | D:1      | Atelerd the Octopode Earth Elementalist began the quest for
                  | the Orb.
     0 | D:1      | Reached XP level 1. HP: 11/11 MP: 3/3
   208 | D:1      | Reached XP level 2. HP: 17/17 MP: 3/5
   587 | D:1      | Reached XP level 3. HP: 21/21 MP: 4/6
   783 | D:1      | Found a faded altar of an unknown god.
  1301 | D:2      | Noticed Jessica
  1322 | D:2      | Killed Jessica
  1323 | D:2      | Reached XP level 4. HP: 7/27 MP: 5/7
  2195 | D:3      | Found a shadowy altar of Dithmenos.
  2431 | D:3      | Reached skill level 4 in Earth Magic
  2683 | D:3      | Found a hide-covered altar of Uskayaw.
  2732 | D:3      | Reached XP level 5. HP: 31/31 MP: 6/9
  3049 | D:4      | Noticed a black bear
  3206 | D:4      | Learned a level 4 spell: Petrify
  3262 | D:4      | Killed a black bear
  3265 | D:4      | Reached XP level 6. HP: 36/36 MP: 11/11
  3392 | D:4      | Found an opulent altar of Gozag.
  3555 | D:4      | Found Wuluimat's Distillery.
  3564 | D:4      | Bought a potion of mutation for 80 gold pieces
  3564 | D:4      | Gained mutation: Your mind is acute. (Int +4, Str/Dex -1)
                  | [potion of mutation]
  3564 | D:4      | Gained mutation: You do not regenerate when monsters are
                  | visible. [potion of mutation]
  3564 | D:4      | Lost mutation: Your mind is acute. (Int +4, Str/Dex -1)
                  | [potion of mutation]
  3564 | D:4      | Gained mutation: You possess an exceptional clarity of
                  | mind. [potion of mutation]
  3565 | D:4      | Lost mutation: You do not regenerate when monsters are
                  | visible. [potion of mutation]
  3565 | D:4      | Lost mutation: You possess an exceptional clarity of mind.
                  | [potion of mutation]
  3565 | D:4      | Gained mutation: Your spells are a little easier to cast,
                  | but a little less powerful. [potion of mutation]
  3566 | D:4      | Lost mutation: Your spells are a little easier to cast, but
                  | a little less powerful. [potion of mutation]
  3566 | D:4      | Gained mutation: You sometimes lose your temper in combat.
                  | [potion of mutation]
  3566 | D:4      | Gained mutation: You are partially covered in iridescent
                  | scales. (AC +2) [potion of mutation]
  3567 | D:4      | Lost mutation: You sometimes lose your temper in combat.
                  | [potion of mutation]
  3567 | D:4      | Lost mutation: You are partially covered in iridescent
                  | scales. (AC +2) [potion of mutation]
  3567 | D:4      | Gained mutation: Your spells are a little easier to cast,
                  | but a little less powerful. [potion of mutation]
  3567 | D:4      | Gained mutation: You possess an exceptional clarity of
                  | mind. [potion of mutation]
  3567 | D:4      | Gained mutation: You passively map a small area around you.
                  | [potion of mutation]
  3568 | D:4      | Lost mutation: Your spells are a little easier to cast, but
                  | a little less powerful. [potion of mutation]
  3568 | D:4      | Lost mutation: You possess an exceptional clarity of mind.
                  | [potion of mutation]
  3568 | D:4      | Lost mutation: You passively map a small area around you.
                  | [potion of mutation]
  3568 | D:4      | Gained mutation: You are somewhat resistant to further
                  | mutation. [potion of mutation]
  3640 | D:4      | Found an ancient bone altar of Kikubaaqudgha.
  3801 | D:4      | Found a shimmering altar of Xom.
  3834 | D:5      | Entered Level 5 of the Dungeon
  3839 | D:5      | Noticed Prince Ribbit
  3847 | D:5      | Slain by Prince Ribbit

Illustrated notes

Levels and vault maps discovered:
D:1:      minmay_arrival_five_plusses, layout_loops_ring,
          dilly_ecumenical_altar_fadedgnrine, minmay_pentomino_p2
D:2:      layout_basic, uniq_jessica
D:3:      layout_loops_ring, mainiacjoe_overflow_boulevard,
          nicolae_uskayaw_dance_hall, fountainhead, st_stairs_1,
          kennysheep_small_spiral
D:4:      layout_cave_pools, old_standard_altar, kiku_gazebo_pond_becter,
          nicolae_overflow_crystal_walls, serial_shops, nicolae_shop_trees,
          chequers_garden, grunt_decor_cap, minmay_statues_item
D:5:      layout_gridville, nzn_hepliaklqana_mist_gate, portal_sewer_entry_b,
          uniq_prince_ribbit1

Skill      XL: |  1  2  3  4  5 |
---------------+----------------+-----
Stealth        | 3 |  3.1
Transmutations | 2 3 |  3.0
Earth Magic    | 4 |  4.8
Spellcasting   | 3 |  3.5
Dodging        | |  2.2

Action                     |  1- 3 |  4- 6 || total
---------------------------+-------+-------++-------
  Melee: Short sword       |     9 |       ||     9
         Unarmed           |     3 |       ||     3
         Constrict         |     5 |     3 ||     8
         Tentacles         |     2 |     3 ||     5
         Dagger            |     2 |    15 ||    17
         Punch             |       |     1 ||     1
   Cast: Sandblast         |    40 |    53 ||    93
         Petrify           |       |     6 ||     6
  Evoke: Wand              |       |     1 ||     1
    Use: Potion            |     3 |     6 ||     9
         Scroll            |       |     1 ||     1
   Stab: Petrified         |       |     6 ||     6
 Armour: Skin              |     2 |     3 ||     5
  Dodge: Dodged            |    17 |    20 ||    37
